AoeStats
← black

Arena

509528500Analyzed
2v2 RM · 6d ago on Sep 27, 2026· 31m 8s· 4 players
Game mode
Random Map
Map size
Medium (4 player)
Population
200
Speed
Normal
Resources
Standard
Victory
Conquest
Starting age
Dark Age
Ending age
Imperial Age
RankedLock teamsTeams togetherTeam positionsShared explorationLock speedFull tech treeHidden civsTurbo modeCheats
Victory
Defeat
🇨🇴 Cumans · Colombia
838
+17
🇨🇴 Armenians · Colombia
824
+18
🇦🇷 Burgundians · Argentina
888
-18
🇦🇷 Britons · Argentina
845
-17
RRobles2878
7:02 Loom
9:44 Feudal Age
12:25 Double-Bit Axe
22:57 Castle Age
22:59 Capped Ram
27:00 Forging
27:30 Pikeman
29:56 Bow Saw
didicorcue
7:30 Loom
12:19 Feudal Age
13:23 Man-at-Arms
14:20 Long Swordsman
14:31 Long Swordsman
15:39 Scale Mail Armor
18:33 Forging
25:37 Wheelbarrow
32:34 Castle Age
Laucha.10
0:30 Loom
10:18 Feudal Age
11:45 Wheelbarrow
10:56 Town Watch
11:55 Double-Bit Axe
15:55 Horse Collar
black
2:06 Loom
7:08 Wheelbarrow
12:44 Feudal Age
15:45 Double-Bit Axe
18:38 Gold Mining
22:56 Castle Age
21:19 Fletching
23:30 Crossbowman
25:03 Bodkin Arrow
25:23 Horse Collar
Connection lost

Rejoining the realm…

Still unreachable

The connection could not be restored.

Session expired

The server has moved on; the page needs a fresh start.